Map: Ciudad Esmeralda EE

Players

YOSIMATO - Winner!

  • Race: Zerg Zerg
  • League: Gold
  • Spawn Location: 5:00

Julio - Winner!

  • Race: Protoss Protoss
  • League: Silver
  • Spawn Location: 5:00

MrFercho

  • Race: Zerg Zerg
  • League: Silver
  • Spawn Location: 11:00

TATORREA

  • Race: Protoss Protoss
  • League: Silver
  • Spawn Location: 11:00

VOD

Have the link to the VOD?

Description

Time

  • Played on: May 9, 2020, 8:01 p.m.
  • Length: 8:24
Show
View Real Time Build Order
Export as new Build Order

YOSIMATO Zerg - Winner!

Build Orders: Hatch First 

Get SALT Encoding   

  12  0:03  Drone  
  13  0:13  Overlord  
  13  0:17  Drone  
  14  0:31  Drone x2  
  16  0:35  Drone  
  17  0:54  Hatchery  
  16  0:57  Drone  
  16  1:02  Drone  
  18  1:05  Extractor  
  17  1:12  Drone  
  18  1:21  Spawning Pool  
  17  1:29  Drone  
  17  1:30  Drone  
  19  1:41  Drone  
  20  1:55  Drone  
  21  2:02  Drone  
  22  2:09  Drone  
  22  2:12  Drone  
  22  2:15  Queen x2  
  24  2:17  Metabolic Boost  
  24  2:18  Overlord  
  28  2:30  Overlord  
  28  2:31  Overlord  
  28  2:39  Drone x2  
  30  2:47  Drone  
  31  2:52  Drone  
  33  2:58  Zergling x2  
  32  3:10  Zergling x4  
  34  3:16  Drone x2  
  36  3:33  Lair  
  36  3:35  Drone  
  36  3:36  Drone x6  
  43  3:47  Drone x2  
  45  3:53  Drone x2  
  45  3:54  Roach Warren  
  46  3:56  Extractor  
  46  3:57  Extractor  
  46  4:00  Overlord x3  
  44  4:10  Pneumatized Carapace  
  44  4:15  Drone x3  
  47  4:21  Drone  
  48  4:37  Overlord x2, Roach  
  48  4:38  Roach x3  
  56  4:58  Drone  
  56  4:59  Roach x2, Drone  
  64  5:00  Roach  
  64  5:02  Hatchery, Glial Reconstitution  
  63  5:10  Roach x4  
  71  5:16  Roach x2  
  71  5:18  Evolution Chamber  
  71  5:19  Queen x2  
  78  5:30  Roach x2  
  82  5:38  Roach x2  
  86  5:46  Zerg Missile Weapons Level 1  
  86  5:48  Roach x2  
  90  5:53  Overlord x3  
  90  6:07  Roach  
  92  6:12  Roach x2  
  92  6:13  Roach x2  
  100  6:23  Queen  
  102  6:31  Roach x2  
  102  6:32  Roach x6  
  118  6:44  Roach  
  118  6:45  Roach  
  118  6:46  Overlord  
  118  6:47  Overlord x2  
  122  7:04  Queen  
  122  7:08  Roach x8  
  139  7:18  Roach x3  
  132  8:02  Hydralisk Den  
Show
View Real Time Build Order
Export as new Build Order

Julio Protoss - Winner!

Build Orders:  

Get SALT Encoding   

  12  0:20  Probe (Chrono Boost)  
  13  0:21  Pylon  
  13  0:28  Probe (Chrono Boost)  
  14  0:34  Probe  
  15  0:48  Forge  
  15  1:00  Gateway  
  15  1:11  Pylon  
  15  1:39  Photon Cannon  
  15  1:41  Photon Cannon  
  15  1:43  Pylon  
  13  2:49  Cybernetics Core  
  13  2:57  Assimilator  
  13  2:58  Probe (Chrono Boost)  
  14  3:02  Assimilator  
  14  3:08  Probe (Chrono Boost)  
  11  3:13  Probe (Chrono Boost)  
  12  3:24  Photon Cannon, Probe  
  12  3:25  Photon Cannon  
  13  3:36  Probe  
  14  3:59  Probe (Chrono Boost)  
  15  4:05  Gateway  
  15  4:09  Probe (Chrono Boost)  
  16  4:14  Probe (Chrono Boost)  
  17  4:25  Probe  
  18  4:38  Probe  
  19  5:25  Pylon  
  19  5:31  Warp Gate  
  19  5:51  Photon Cannon  
  19  5:52  Photon Cannon  
  19  5:57  Shield Battery  
  19  6:05  Probe (Chrono Boost)  
  20  6:15  Probe (Chrono Boost)  
  21  6:20  Probe (Chrono Boost)  
  22  6:31  Probe  
  23  7:13  Pylon  
  23  7:31  Probe  
  23  7:33  Stalker x2  
  28  7:58  Stalker  
  30  8:07  Pylon  
  30  8:09  Pylon  
  28  8:18  Pylon  
  28  8:20  Pylon  
Show
View Real Time Build Order
Export as new Build Order

MrFercho Zerg 

Build Orders: Pool First 

Get SALT Encoding   

  12  0:03  Drone  
  13  0:19  Overlord  
  13  0:21  Drone  
  14  0:40  Spawning Pool, Drone  
  15  0:42  Drone  
  15  0:48  Extractor  
  15  0:49  Drone  
  15  1:28  Zergling x2  
  15  1:29  Zergling x4  
  18  2:06  Metabolic Boost  
  18  2:09  Drone x3  
  21  2:42  Overlord x2  
  21  3:00  Queen  
  20  3:19  Zergling x6  
  23  3:27  Roach Warren  
  22  3:37  Zergling x2  
  20  4:02  Zergling x4  
  22  4:12  Lair  
  22  4:19  Drone  
  22  4:20  Drone  
  22  4:40  Zergling x2  
  22  4:41  Zergling x2  
  24  4:58  Drone x3  
  27  5:06  Extractor  
  26  5:14  Spire  
  25  5:30  Hatchery  
  24  5:40  Hatchery  
  23  5:46  Drone x3  
  26  5:57  Glial Reconstitution  
  26  6:15  Drone x2  
  27  6:46  Mutalisk x2  
  29  6:56  Mutalisk  
  31  7:42  Mutalisk x2  
Show
View Real Time Build Order
Export as new Build Order

TATORREA Protoss 

Build Orders:  

Get SALT Encoding   

  12  0:04  Probe  
  13  0:16  Probe  
  14  0:41  Probe  
  15  0:47  Pylon  
  15  1:05  Probe  
  16  1:22  Probe  
  17  1:31  Pylon  
  17  1:44  Probe  
  18  2:04  Gateway  
  16  2:23  Pylon  
  15  2:49  Gateway  
  15  2:51  Gateway  
  15  2:53  Gateway  
  15  2:57  Probe  
  16  2:58  Assimilator  
  16  3:00  Assimilator  
  16  3:09  Probe  
  17  3:21  Probe  
  18  3:29  Gateway  
  18  3:34  Pylon  
  18  3:40  Pylon  
  18  3:43  Probe  
  18  3:44  Cybernetics Core  
  19  3:53  Zealot x3  
  19  3:55  Probe  
  26  4:07  Probe  
  27  4:16  Zealot  
  29  4:19  Probe  
  30  4:29  Forge  
  28  5:06  Probe  
  29  5:08  Warp Gate  
  29  5:10  Stalker x2, Nexus  
  29  5:12  Assimilator  
  33  5:14  Stalker  
  33  5:16  Assimilator  
  35  5:23  Stalker  
  37  5:29  Probe  
  38  5:41  Probe  
  39  5:53  Probe  
  40  6:00  Stargate  
  40  6:04  Robotics Facility  
  40  6:05  Probe  
  41  6:17  Probe  
  38  6:44  Void Ray (Chrono Boost)  
  42  6:53  Immortal  
  46  7:13  Pylon, Probe  
  47  7:16  Pylon  
  47  7:18  Probe  
  38  7:25  Probe  
  32  7:30  Probe  
  33  7:40  Stalker x2  
  33  7:41  Stalker  
  33  7:42  Probe  
  34  7:54  Probe  
  34  7:56  Stalker  
Tags
 
Add a new tag
Caveats
  • Supply blocks, unpowered buildings, or Contaminate may cause inaccurate times.
  • Supply counts are checked every 10 seconds.